 Dungeon Crawl Stone Soup version 0.26-a0-739-gf55cbd344a (webtiles) character file.

Game seed: 10967769012586965980

9952 marklar909 the Grappler (level 11, 0/89 HPs)
             Began as a Green Draconian Transmuter on Nov 3, 2020.
             Was an Elder of Qazlal.
             Slain by a shadow (32 damage)
             ... on level 10 of the Dungeon on Nov 5, 2020.
             The game lasted 00:25:42 (12917 turns).

marklar909 the Grappler (DrTm)                     Turns: 12917, Time: 00:25:43

Health: 0/89       AC:  2    Str: 15    XL:     11   Next: 29%
Magic:  17/19      EV: 41    Int: 13    God:    Qazlal [****..]
Gold:   97         SH:  5    Dex: 18    Spells: 1/21 levels left

rFire    . . .     SeeInvis .     - Unarmed
rCold    . . .     Faith    .   (shield currently unavailable)
rNeg     . . .     Spirit   .   (armour unavailable)
rPois    x         Reflect  .   (helmet currently unavailable)
rElec    .         Harm     .   (cloak currently unavailable)
rCorr    .         Rampage  .   (gloves currently unavailable)
MR       .....                  (boots currently unavailable)
Stlth    ++........             h - amulet of the acrobat
HPRegen  0.24/turn              (no ring)
MPRegen  0.16/turn              (no ring)

@: spider-form (expiring), wereblooded, acrobat, repel missiles
A: tiny, (breathe noxious fumes), unfitting armour, AC +7
a: End Transformation, Upheaval, Elemental Force, Renounce Religion


You were on level 10 of the Dungeon.
You worshipped Qazlal.
Qazlal was greatly pleased with you.
You were a venomous arachnid creature.
You visited 1 branch of the dungeon, and saw 11 of its levels.

You collected 562 gold pieces.
You spent 465 gold pieces at shops.

Inventory:

Missiles
 x - 13 poisoned darts (quivered)
Armour
 t - a +2 pair of boots (melded)
 K - a +0 cloak
Jewellery
 h - an amulet of the acrobat (around neck)
 v - a cursed -4 ring of evasion {unknown}
 y - an uncursed ring of wizardry {unknown}
 E - a cursed amulet of inaccuracy {unknown}
 H - an uncursed ring of magical power
 L - a +6 ring of intelligence {unknown}
Wands
 l - a wand of acid (11)
 m - a wand of polymorph (4)
 B - a wand of random effects (16)
 G - a wand of flame (16)
 J - a wand of enslavement (6)
Scrolls
 a - 3 scrolls of magic mapping
 b - 7 scrolls of identify
 c - a scroll of teleportation
 d - 3 scrolls of immolation
 g - 5 scrolls of amnesia
 i - 3 scrolls of blinking
 n - 6 scrolls of remove curse
 q - 2 scrolls of enchant armour
 s - 2 scrolls of fear
 w - 2 scrolls of enchant weapon
 F - a scroll of fog
Potions
 e - 8 potions of curing
 f - 5 potions of haste
 j - 5 potions of flight {unknown}
 k - 4 potions of heal wounds
 o - 3 potions of might {unknown}
 p - 7 potions of lignification
 r - a potion of berserk rage {unknown}
 u - a potion of attraction {unknown}
 z - a potion of invisibility {unknown}
 A - 2 potions of mutation
 C - 2 potions of magic {unknown}
 D - a potion of resistance
 I - 2 potions of ambrosia {unknown}


   Skills:
 * Level 6.2 Fighting
 + Level 1.4 Throwing
 * Level 6.7 Dodging
 + Level 3.7 Stealth
 + Level 9.4 Unarmed Combat
 + Level 5.7 Spellcasting
 + Level 4.5 Conjurations
 + Level 1.2 Hexes
 * Level 6.4 Transmutations
 + Level 0.1 Ice Magic
 + Level 5.0 Poison Magic
 + Level 4.7 Invocations


You had one spell level left.
You knew the following spells:

 Your Spells              Type           Power        Failure   Level
a - Beastly Appendage     Tmut           ###...       6%          1
b - Wereblood             Tmut           ###.....     8%          2
c - Spider Form           Tmut/Pois      ###.......   14%         3
d - Searing Ray           Conj           ###...       13%         2
e - Ice Form              Ice/Tmut       ##......     63%         4
f - Dazzling Flash        Conj/Hex       ##....       34%         3
g - Blade Hands           Tmut           ###.......   56%         5

Your spell library contained the following spells:

 Spells                   Type           Power        Failure   Level
 Magic Dart               Conj           ###.         10%         1
 Corona                   Hex            #......      26%         1
 Animate Skeleton         Necr           #.....       36%         1
 Apportation              Tloc           #.....       36%         1
 Summon Small Mammal      Summ           #...         36%         1
 Fulminant Prism          Conj/Hex       ##........   67%         4
 Iskenderun's Mystic Bla  Conj/Tloc      #.......     77%         4


Dungeon Overview and Level Annotations

Branches:
Dungeon (11/15)            Temple (0/1) D:7            Lair (0/6) D:9
    Orc (0/2) D:9

Altars:
Dithmenos
Gozag
Kikubaaqudgha
Makhleb
Okawaru
Qazlal
Sif Muna
Xom
The Shining One

Shops:
D:9 ![   D:10 [

Portals:
Abyss: D:4

Annotations:
D:4 2 transporters, tinescath's ghost, novice DsGl
D:10 2 transporters


Innate Abilities, Weirdness & Mutations

((You can breathe blasts of noxious fumes.))
((Your lurid green scales are hard. (AC +7)))
You cannot fit into any form of body armour.
((Your system is resistant to poisons. (rPois)))
((You are cold-blooded and may be slowed by cold attacks.))


Message History

You block the white ugly thing's attack.
Unknown command.
Unknown command.
You bite the ogre!
You kill the ogre!
Qazlal accepts your kill. The white ugly thing headbutts you.
The white ugly thing freezes you!!
Unknown command.
The shadow slips into darkness.
The shadow flickers and vanishes!
Deactivating autopickup; reactivate with Ctrl-A.
Items here: ( )) [ †.
You hiss as the wereblood boils in your veins!
As you read the scroll of fear, it crumbles to dust.
You assume a fearsome visage.
The white ugly thing looks frightened!
You hiss as the wereblood boils in your veins!
You hiss as the wereblood boils in your veins!
Your transformation is almost over.
The shadow strikes at you from the darkness!
You die...

##..................
#.....###.##.###.##.
####..######<#...##....
#.................#####
###.#...######.#...##
#...#.○...u)>..##.##
##.#####.#########.#
#....#....# #.#
#....#..○s# ##'##
#.........# ##...##
#.........## ##.....##
#..........# ##.......##
#..........###.......).###
#............'........))..
#..........###........)###
#..........# ##.......##
##########.# ##.....##


There were no monsters in sight!

Vanquished Creatures
  Harold (D:9)
  Erolcha (D:10)
  A two-headed ogre (D:9)
  Pikel (D:6)
  A cyclops (D:10)
  Psyche (D:8)
  A troll (D:6)
  Grinder (D:4)
  A blink frog (D:10)
  3 yaks (D:10)
  A wyvern (D:9)
  A basilisk (D:8)
  A steam dragon (D:8)
  5 water moccasins
  Menkaure (D:7)
  Duvessa (D:7)
  A swamp drake (D:9)
  3 sky beasts
  5 orc warriors
  An ice beast (D:6)
  3 black bears
  5 ogres
  A phantom (D:8)
  3 wolves
  3 centaurs
  Blork the orc (D:5)
  A lemure (D:7)
  A big kobold (D:9)
  3 bullfrogs
  2 scorpions
  Dowan (D:7)
  12 killer bees
  3 wights (D:8)
  A howler monkey (D:2)
  A centaur zombie (D:6)
  A bullfrog zombie (D:9)
  5 hounds
  9 orc priests
  A jelly (D:6)
  A bullfrog skeleton (D:10)
  Ijyb (D:5)
  2 centaur skeletons
  13 orc wizards
  3 worker ants
  2 hound zombies
  A worker ant zombie (D:10)
  5 gnolls
  4 howler monkey skeletons
  7 adders
  A shadow imp (D:6)
  3 white imps
  2 ufetubi
  An ooze (D:1)
  2 worms
  2 dart slugs
  40 orcs
  3 giant cockroaches
  3 goblins
  3 hobgoblins
  13 jackals
  3 quokkas
  2 ball pythons
  6 bats
  4 frilled lizards
  A jackal skeleton (D:3)
  15 kobolds
  A leopard gecko skeleton (D:7)
  A quokka zombie (D:6)
  6 rats
240 creatures vanquished.

Vanquished Creatures (collateral kills)
  A killer bee (D:8)
1 creature vanquished.

Vanquished Creatures (others)
  A killer bee (D:8)
  3 fungi (D:9)
  8 plants (D:9)
12 creatures vanquished.

Grand Total: 253 creatures vanquished

Notes
Turn   | Place    | Note
-------+----------+-------------------------------------------
     0 | D:1      | marklar909 the Draconian Transmuter began the quest for the
                  | Orb.
     0 | D:1      | Reached XP level 1. HP: 16/16 MP: 3/3
    68 | D:1      | Reached XP level 2. HP: 16/23 MP: 5/5
   324 | D:1      | Learned a level 2 spell: Wereblood
   805 | D:2      | Reached XP level 3. HP: 28/28 MP: 4/6
   816 | D:2      | Learned a level 3 spell: Spider Form
  1012 | D:2      | Reached skill level 1 in Poison Magic
  1414 | D:2      | Reached skill level 4 in Unarmed Combat
  1591 | D:2      | You fall into a shaft and drop 1 floor!
  1728 | D:3      | Found a shadowy altar of Dithmenos.
  1949 | D:3      | Reached XP level 4. HP: 21/35 MP: 7/7
  2383 | D:3      | Found a stormy altar of Qazlal.
  3276 | D:4      | Reached XP level 5. HP: 37/40 MP: 4/8
  3485 | D:4      | Found a transporter.
  3503 | D:4      | Reached XP level 6. HP: 42/47 MP: 6/10
  3551 | D:4      | Noticed Grinder
  3582 | D:4      | Killed Grinder
  3731 | D:4      | Found a burning altar of Makhleb.
  3734 | D:4      | Found a shimmering altar of Xom.
  3737 | D:4      | Found an ancient bone altar of Kikubaaqudgha.
  4011 | D:4      | Found a transporter.
  4023 | D:4      | Found a one-way gate to the infinite horrors of the Abyss.
  4023 | D:4      | Noticed tinescath's ghost (novice DsGl)
  4164 | D:4      | Found an opulent altar of Gozag.
  4222 | D:3      | Became a worshipper of Qazlal Stormbringer
  4260 | D:5      | Entered Level 5 of the Dungeon
  4273 | D:5      | Reached skill level 5 in Unarmed Combat
  4273 | D:5      | Your scales start taking on a lurid green colour.
  4273 | D:5      | Reached XP level 7. HP: 44/52 MP: 8/11
  4273 | D:5      | Gained mutation: Your system is resistant to poisons.
                  | (rPois) [Green Draconian growth]
  4444 | D:5      | Noticed Ijyb
  4466 | D:5      | Killed Ijyb
  4583 | D:5      | Reached skill level 1 in Stealth
  4772 | D:5      | Noticed Blork the orc
  4788 | D:5      | Killed Blork the orc
  5085 | D:5      | Learned a level 2 spell: Searing Ray
  5187 | D:6      | Reached XP level 8. HP: 31/61 MP: 8/13
  5511 | D:6      | Found a shimmering blue altar of Sif Muna.
  5573 | D:6      | Reached skill level 6 in Unarmed Combat
  5639 | D:6      | Reached * piety under Qazlal
  5940 | D:6      | Reached skill level 1 in Throwing
  6255 | D:6      | Noticed a troll
  6270 | D:6      | Killed a troll
  6270 | D:6      | Reached skill level 1 in Conjurations
  6270 | D:6      | Reached skill level 5 in Transmutations
  6270 | D:6      | Reached skill level 1 in Invocations
  6653 | D:6      | Found a glowing golden altar of the Shining One.
  6761 | D:6      | Upgraded the game from 0.26-a0-720-g2a1d101370 to
                  | 0.26-a0-739-gf55cbd344a
  6827 | D:7      | Noticed Pikel
  6850 | D:6      | Killed Pikel
  6850 | D:6      | Reached XP level 9. HP: 28/71 MP: 10/15
  7169 | D:7      | Reached skill level 7 in Unarmed Combat
  7190 | D:7      | Noticed Duvessa
  7190 | D:7      | Noticed Dowan
  7203 | D:7      | Killed Dowan
  7214 | D:7      | Killed Duvessa
  7264 | D:7      | Found a staircase to the Ecumenical Temple.
  7298 | D:7      | Noticed Menkaure
  7309 | D:7      | Killed Menkaure
  7381 | D:7      | You fall into a shaft and drop 1 floor!
  7432 | D:8      | Reached ** piety under Qazlal
  7520 | D:8      | Noticed Psyche
  7530 | D:8      | Killed Psyche
  7606 | D:8      | Reached skill level 5 in Dodging
  7773 | D:8      | Found an iron altar of Okawaru.
  8227 | D:8      | Reached XP level 10. HP: 43/80 MP: 16/16
  8651 | D:8      | Reached skill level 8 in Unarmed Combat
  9005 | D:8      | Learned a level 4 spell: Ice Form
  9009 | D:8      | Learned a level 3 spell: Dazzling Flash
  9845 | D:9      | Reached skill level 5 in Fighting
  9941 | D:9      | Noticed a two-headed ogre
  9950 | D:9      | Killed a two-headed ogre
  9957 | D:9      | Reached skill level 5 in Spellcasting
 10073 | D:9      | Reached *** piety under Qazlal
 10101 | D:9      | Found a staircase to the Lair.
 10397 | D:9      | Noticed Harold
 10419 | D:9      | Killed Harold
 10419 | D:9      | Reached skill level 1 in Hexes
 10558 | D:9      | Found Hasieco's Antique Armour Boutique.
 10569 | D:9      | Found Ydymiath's Distillery.
 10610 | D:9      | Found a staircase to the Orcish Mines.
 10830 | D:9      | Bought a potion of resistance for 150 gold pieces
 10830 | D:9      | Bought 2 potions of heal wounds for 150 gold pieces
 10830 | D:9      | Bought a potion of lignification for 45 gold pieces
 10830 | D:9      | Bought a potion of mutation for 120 gold pieces
 11088 | D:10     | Entered Level 10 of the Dungeon
 11108 | D:10     | Reached skill level 9 in Unarmed Combat
 11189 | D:10     | Found Akufruc's Antique Armour Shoppe.
 11200 | D:10     | Reached XP level 11. HP: 71/89 MP: 14/19
 11296 | D:10     | Reached skill level 5 in Poison Magic
 11297 | D:10     | Reached **** piety under Qazlal
 11528 | D:10     | Learned a level 5 spell: Blade Hands
 11565 | D:10     | Noticed Erolcha
 11580 | D:10     | Killed Erolcha
 11845 | D:10     | Found a transporter.
 12159 | D:10     | Found a transporter.
 12899 | D:11     | Noticed a white ugly thing
 12901 | D:11     | Noticed a skeletal warrior
 12917 | D:10     | Slain by a shadow

Illustrated notes

Levels and vault maps discovered:
D:1:      eino_arrival_cavern_a, layout_rooms
D:2:      layout_basic
D:3:      layout_basic, nicolae_overflow_hidden_temple,
          nicolae_dithmenos_shadow_blocks
D:4:      layout_rooms, lemuel_crystal_altar, grunt_temple_overflow_diamond,
          gammafunk_ghost_abyssal_escape, uniq_grinder
D:5:      layout_rooms, uniq_blork_the_orc, uniq_ijyb
D:6:      layout_gridville, kennysheep_little_box, basic_altar
D:7:      layout_gridville, minmay_temple_entry_offerings, uniq_menkaure,
          uniq_pikel, uniq_duvessa
D:8:      layout_loops_ring, kennysheep_okawaru_gauntlet, uniq_psyche
D:9:      layout_cross, minmay_lair_entry_grove, erik_orc_1, serial_shops,
          nicolae_shop_window_shopping, shop, amethyst_killhole, uniq_harold
D:10:     gammafunk_cloud_chamber, layout_loops_corners, serial_shops, shop,
          uniq_erolcha
D:11:     layout_rooms, uniq_josephine

Skill      XL: |  1  2  3  4  5  6  7  8  9 10 11 |
---------------+----------------------------------+-----
Dodging        | 2 3 4 5 6 |  6.7
Poison Magic   | 1 2 3 4 5 |  5.0
Unarmed Combat | 4 5 6 7 9 |  9.4
Transmutations | 3 4 5 6 |  6.4
Spellcasting   | 3 4 5 |  5.7
Stealth        | 1 2 3 |  3.7
Fighting       | 2 3 4 5 6 |  6.2
Throwing       | 1 |  1.4
Conjurations   | 2 3 4 |  4.5
Invocations    | 2 4 |  4.7
Hexes          | 1 |  1.2
Ice Magic      | |  0.1

Action                   |  1- 3 |  4- 6 |  7- 9 | 10-12 || total
-------------------------+-------+-------+-------+-------++-------
Melee: Unarmed           |   101 |    89 |   256 |   273 ||   719
       Tailslap          |    10 |     3 |     9 |     8 ||    30
       Kick              |    11 |     7 |     9 |    14 ||    41
       Headbutt          |     6 |     4 |     3 |     9 ||    22
       Punch             |     1 |       |     3 |     1 ||     5
Throw: Dart              |       |     3 |    10 |       ||    13
 Cast: Beastly Appendage |    21 |     9 |     3 |     5 ||    38
       Wereblood         |     1 |     4 |    11 |    18 ||    34
       Spider Form       |       |    11 |    27 |    20 ||    58
       Searing Ray       |       |       |     6 |     2 ||     8
       Dazzling Flash    |       |       |       |     4 ||     4
       Ice Form          |       |       |       |     1 ||     1
 Abil: Breathe Noxious F |       |       |    15 |     3 ||    18
       End Transformatio |       |       |     1 |       ||     1
Evoke: Wand              |       |       |     1 |     1 ||     2
  Use: Scroll            |       |       |    14 |     1 ||    15
       Potion            |       |       |     2 |     1 ||     3
 Stab: Sleeping          |     1 |       |       |       ||     1
       Confused          |       |       |     7 |     5 ||    12
       Invisible         |       |       |       |     1 ||     1
Armor: Skin              |    42 |    19 |    32 |    19 ||   112
Dodge: Dodged            |    83 |    56 |   271 |   302 ||   712
       Repelled          |       |       |       |     2 ||     2
Block: Other             |       |       |    13 |    52 ||    65

Table legend: (Time is in decaauts)
 A = Elapsed time spent in this place.
 B = Non-inter-level travel time spent in this place.
 C = Inter-level travel time spent in this place.
 D = Time resting spent in this place.
 E = Time spent auto-exploring this place.
 F = Levels seen in this place.
 G = Mean time per level.
                   A        B        C        D        E       F      G
               +--------+--------+--------+--------+--------+-----+--------+
         Total |  12844 |  11868 |    976 |   2606 |   7266 |  11 | 1167.6 |
       Dungeon |  12844 |  11868 |    976 |   2606 |   7266 |  11 | 1167.6 |
               +--------+--------+--------+--------+--------+-----+--------+

Top non-repeatable levels by time:
     D:8: 2419 daAuts
    D:10: 1786 daAuts
     D:6: 1713 daAuts
     D:2: 1443 daAuts
     D:9: 1253 daAuts
     D:5: 1165 daAuts
     D:3: 1146 daAuts
     D:4: 842 daAuts
     D:1: 821 daAuts
     D:7: 227 daAuts
    D:11: 24 daAuts
